 Dungeon Crawl Stone Soup version 0.27.1-37-g7b29ead8ac (webtiles) character file.

Game seed: 10864637080402211894

1215 tkbsonic5 the Spear-Bearer (level 8, -8/65 HPs)
             Began as a Minotaur Gladiator on Oct 22, 2023.
             Was a Believer of Ru.
             Killed from afar by Maggie (12 damage)
             ... with a bolt of fire
             ... on level 7 of the Dungeon.
             The game lasted 00:09:22 (4813 turns).

tkbsonic5 the Spear-Bearer (Minotaur Gladiator)     Turns: 4813, Time: 00:09:23

Health: -8/65      AC: 10    Str: 18 (20) XL:     8   Next: 22%
Magic:  7/7        EV:  8    Int:  2 (5)  God:    Ru [**....]
Gold:   90         SH:  0    Dex: 11 (13) Spells: 7/7 levels left

rFire    . . .     SeeInvis .   i - +0 scythe
rCold    + . .     Faith    .   (shield currently unavailable)
rNeg     . . .     Spirit   .   f - +0 chain mail
rPois    +         Reflect  .   c - +0 hat
rElec    .         Harm     .   (no cloak)
rCorr    .         Rampage  .   (no gloves)
Will     .....                  m - +0 pair of boots {Matilda}
Stlth    ..........             (no amulet)
HPRegen  0.20/turn              g - ring of protection from cold
MPRegen  0.10/turn              h - ring of poison resistance

@: mighty, mesmerised, hasted, very quick
A: horns 2, frail 1, retaliatory headbutt
a: Renounce Religion


You were on level 7 of the Dungeon.
You worshipped Ru.
Ru was pleased with you.
You visited 1 branch of the dungeon, and saw 6 of its levels.

You collected 90 gold pieces.

Inventory:

Hand Weapons
 a - a +0 trident
 i - a +0 scythe (weapon)
Missiles
 d - 3 throwing nets
 e - 7 boomerangs (quivered)
Armour
 b - a +0 leather armour
 c - a +0 hat (worn)
 f - a +0 chain mail (worn)
 m - a +0 pair of boots (worn) {Matilda}
Jewellery
 g - a ring of protection from cold (left hand)
 h - a ring of poison resistance (right hand)
 o - an amulet of regeneration
 q - a ring of fire
Wands
 p - a wand of digging (3)
 r - a wand of flame (13)
Scrolls
 n - a scroll of immolation
 v - a scroll of amnesia


   Skills:
 * Level 7.1 Fighting
 * Level 8.9 Polearms
 - Level 2.7 Throwing
 - Level 4.5 Armour
 - Level 3.2 Dodging


You had 7 spell levels left.
You didn't know any spells.
Your spell library contained the following spells:

 Spells                   Type           Power      Damage    Failure   Level
 Foxfire                  Conj/Fire      0%         2x1d4     100%        1
 Ensorcelled Hibernation  Hex/Ice        0%         N/A       100%        2
 Conjure Flame            Conj/Fire      0%         6-21      100%        3
 Ignite Poison            Fire/Tmut/Pois 0%         N/A       100%        3
 Inner Flame              Hex/Fire       0%         N/A       100%        3
 Mephitic Cloud           Conj/Pois/Air  0%         N/A       100%        3
 Portal Projectile        Hex/Tloc       0%         N/A       100%        3
 Spider Form              Tmut/Pois      0%         N/A       100%        3
 Blade Hands              Tmut           0%         N/A       100%        5
 Bolt of Magma            Conj/Fire/Erth 0%         4d4       100%        5
 Excruciating Wounds      Necr           0%         N/A       100%        5
 Shadow Creatures         Summ           N/A        N/A       100%        6


Dungeon Overview and Level Annotations

Branches:
Dungeon (5/15)             Temple (0/1) D:7

Altars:
Dithmenos
Kikubaaqudgha
Makhleb
Nemelex Xobeh
Ru
Sif Muna
The Shining One

Shops:
D:3 (

Annotations:
D:4 2 transporters, zeram's ghost, amateur GrFi
D:7 Maggie


Innate Abilities, Weirdness & Mutations

You have a pair of horns on your head.
You are frail. (-10% HP)
You reflexively headbutt those who attack you in melee.


Message History

The sky beast hits itself.
You closely miss the sky beast.
The sky beast is lightly wounded.
Maggie points at you and mumbles some strange words.
The bolt of fire hits you!
The sky beast flickers out of sight!
Deactivating autopickup; reactivate with Ctrl-A.
Something hits you but does no damage.
You miss something.
Maggie hits you from afar with a +0 halberd of flaming!
Maggie burns you. Something hits you. Something shocks you.
Maggie hits you with a +0 halberd of flaming!
* * * LOW HITPOINT WARNING * * *
Maggie burns you.
* * * LOW HITPOINT WARNING * * *
A sky beast appears from thin air!
Reactivating autopickup.
The sky beast barely misses you.
It was a potion of degeneration.
There was something very wrong with that liquid.
You feel weakened.
You feel dopey.
You feel clumsy.
You hit Maggie.
Maggie is lightly wounded.
Maggie hits you but does no damage.
The sky beast flickers out of sight!
Deactivating autopickup; reactivate with Ctrl-A.
Something hits you but does no damage.
You slash Maggie! You headbutt Maggie.
Maggie is heavily wounded.
Maggie hits you with a +0 halberd of flaming.
* * * LOW HITPOINT WARNING * * *
Maggie burns you.
* * * LOW HITPOINT WARNING * * *
You focus your inner power and illuminate Maggie in retribution!
Something hits you but does no damage.
Okay, then.
You cannot move away from Maggie!
You slice Maggie!! Your headbutt misses Maggie.
Maggie is almost dead.
Maggie points at you and mumbles some strange words.
The bolt of fire hits you!
You die...

....##...#
....#...# #......#
#.....# #....#
##...########
#.............
##..[..........
#@{......##....
#@.###..........
#..#####.........
#..##.§.§....§....
...# #.§§#.#)..##
.... #..#§#§#..#
..<. #.#§#§#§#§.#
.... #...#§§§#.§§#
....#§#.#§#§.#


You could see Maggie (mesmerising, corona).

Vanquished Creatures
  Grinder (D:3)
  Sigmund (D:3)
  An ogre (D:4)
  2 phantoms
  A kobold brigand (D:7)
  3 scorpions
  An orc priest (D:5)
  Jessica (D:3)
  2 iguanas
  2 orc wizards
  Ijyb (D:3)
  Natasha (twice) (D:2)
  A hound zombie (D:5)
  Robin (D:3)
  3 gnolls (D:2)
  3 adders
  A shadow imp (D:7)
  A worm (D:3)
  3 dart slugs
  7 orcs
  2 endoplasms
  5 giant cockroaches
  13 hobgoblins
  12 kobolds
  2 quokkas (D:3)
  4 ball pythons
  4 bats
  2 frilled lizards
  11 goblins
  5 rats
98 creatures vanquished.

Vanquished Creatures (others)
  A fungus (D:4)
1 creature vanquished.

Grand Total: 99 creatures vanquished

Notes
Turn   | Place    | Note
-------+----------+-------------------------------------------
     0 | D:1      | tkbsonic5 the Minotaur Gladiator began the quest for the
                  | Orb.
     0 | D:1      | Reached XP level 1. HP: 18/18 MP: 0/0
   301 | D:1      | Reached XP level 2. HP: 24/24 MP: 1/1
   447 | D:1      | Reached skill level 4 in Polearms
   467 | D:1      | Reached skill level 1 in Armour
   726 | D:2      | Reached XP level 3. HP: 31/31 MP: 2/2
   826 | D:2      | Noticed Natasha
   831 | D:2      | Killed Natasha
   832 | D:2      | Reached XP level 4. HP: 31/39 MP: 3/3
  1343 | D:2      | Noticed Natasha
  1351 | D:2      | Killed Natasha
  1352 | D:2      | Reached skill level 5 in Polearms
  1536 | D:3      | Reached XP level 5. HP: 46/46 MP: 4/4
  1565 | D:3      | Noticed Sigmund
  1583 | D:3      | Killed Sigmund
  1584 | D:3      | Reached XP level 6. HP: 53/53 MP: 5/5
  1602 | D:3      | Noticed Robin
  1610 | D:3      | Reached skill level 6 in Polearms
  1611 | D:3      | Found a sacrificial altar of Ru.
  1639 | D:3      | Killed Robin
  1817 | D:3      | Became a worshipper of Ru the Awakened
  1993 | D:3      | Noticed Grinder
  2006 | D:3      | Paralysed by Grinder for 5 turns
  2016 | D:3      | Killed Grinder
  2017 | D:3      | Reached skill level 5 in Fighting
  2017 | D:3      | Reached XP level 7. HP: 28/61 MP: 6/6
  2324 | D:3      | Noticed Ijyb
  2333 | D:3      | Killed Ijyb
  2334 | D:3      | Reached skill level 7 in Polearms
  2482 | D:3      | Found Nudeutid's Antique Weapon Emporium.
  2649 | D:3      | Noticed Jessica
  2654 | D:3      | Killed Jessica
  2916 | D:3      | Found a faded altar of an unknown god.
  2916 | D:3      | Found a faded altar of an unknown god.
  2924 | D:3      | Found a burning altar of Makhleb.
  2926 | D:3      | Found a sparkling altar of Nemelex Xobeh.
  2928 | D:3      | Found a glowing golden altar of the Shining One.
  3461 | D:4      | Found a transporter.
  3461 | D:4      | Noticed zeram's ghost (amateur GrFi)
  3462 | D:4      | Found a transporter.
  3462 | D:4      | Identified the +8 dire flail of the Hummingbird {antimagic,
                  | rF+ rC+ rN+ Int+4}
  3493 | D:4      | Found an ancient bone altar of Kikubaaqudgha.
  3604 | D:4      | Reached skill level 8 in Polearms
  3884 | D:4      | Found a shimmering blue altar of Sif Muna.
  3889 | D:4      | Gained mutation: You are frail. (-10% HP) [Ru sacrifice]
  3889 | D:4      | Reached * piety under Ru
  3889 | D:4      | Reached ** piety under Ru
  4042 | D:5      | Entered Level 5 of the Dungeon
  4064 | D:5      | Found a shadowy altar of Dithmenos.
  4188 | D:5      | Reached XP level 8. HP: 29/63 MP: 7/7
  4206 | D:5      | HP: 4/94 [something (3)]
  4770 | D:5      | You fall into a shaft and drop 2 floors!
  4770 | D:7      | Found a staircase to the Ecumenical Temple.
  4798 | D:7      | Noticed Maggie
  4813 | D:7      | Killed from afar by Maggie

Illustrated notes

Levels and vault maps discovered:
D:1:      lemuel_arrival_lava_pool, layout_basic, minmay_tetromino_s4
D:2:      layout_loops_ring, uniq_natasha
D:3:      layout_loops_corners, mainiacjoe_overflow_small_starburst,
          chequers_temple_overflow_minitemple, gup_sewer_entry_bowl,
          serial_shops, shop, kennysheep_generic_room_9, uniq_ijyb, uniq_robin,
          uniq_grinder, uniq_jessica, uniq_sigmund
D:4:      layout_basic, mainiacjoe_overflow_alcove_4,
          mainiacjoe_overflow_chevrons, gammafunk_ghost_smash,
          minmay_misc_feat_square, grunt_decor_fettered
D:5:      layout_loops_corners, marbit_many_paths
D:7:      layout_layer_cave, nicolae_hepliaklqana_hippocampus,
          minmay_temple_entry_grid, uniq_maggie

Skill      XL: |  1  2  3  4  5  6  7  8 |
---------------+-------------------------+-----
Polearms       | 4 5 6 8 |  8.9
Armour         | 1 2 3 4 |  4.5
Fighting       | 3 4 5 6 7 |  7.1
Throwing       | |  2.7
Dodging        | |  3.2

Action                   |  1- 3 |  4- 6 |  7- 9 || total
-------------------------+-------+-------+-------++-------
Melee: Trident           |    53 |    94 |    15 ||   162
       Headbutt          |     4 |    15 |    13 ||    32
       Scythe            |       |       |   107 ||   107
Throw: Boomerang         |    11 |    10 |     3 ||    24
Invok: Sacrifice Health  |       |       |     1 ||     1
  Use: Potion            |       |     1 |     7 ||     8
       Scroll            |       |       |     4 ||     4
 Stab: Invisible         |       |     3 |       ||     3
Armor: Leather armour    |     3 |       |       ||     3
       Chain mail        |     6 |    39 |    62 ||   107
Dodge: Dodged            |    21 |    33 |    49 ||   103
